 Dungeon Crawl Stone Soup version 0.29.1-15-g9cfb28693d (webtiles) character file.

Game seed: 17375676527924583407

68 Eitelfritz the Slasher (level 4, -5/37 HPs)
             Began as a Minotaur Gladiator on Apr 29, 2023.
             Slain by a gnoll
             ... wielding a +0 whip
              (8 damage)
             ... on level 3 of the Dungeon.
             The game lasted 00:02:23 (1441 turns).

Eitelfritz the Slasher (Minotaur Gladiator)         Turns: 1441, Time: 00:02:23

Health: -5/37      AC:  4    Str: 18    XL:     4   Next: 1%
Magic:  3/3        EV: 12    Int:  7    God:
Gold:   30         SH:  0    Dex: 12    Spells: 3/3 levels left

rFire   . . .      SeeInvis .   a - +0 long sword
rCold   . . .      Faith    .   (no shield)
rNeg    . . .      Spirit   .   b - +0 leather armour
rPois   .          Reflect  .   c - +0 hat
rElec   .          Harm     .   (no cloak)
rCorr   .          Rampage  .   (no gloves)
Will    .....                   i - +0 pair of boots
Stlth   +.........              (no amulet)
HPRegen 0.12/turn               (no ring)
MPRegen 0.08/turn               (no ring)

@: attractive
A: horns 2, retaliatory headbutt
a: no special abilities


You were on level 3 of the Dungeon.
You visited 1 branch of the dungeon, and saw 3 of its levels.

You collected 80 gold pieces.
You spent 50 gold pieces at shops.

Inventory:

Hand Weapons
 a - a +0 long sword (weapon)
Missiles
 d - 3 throwing nets (quivered)
 e - a javelin
Armour
 b - a +0 leather armour (worn)
 c - a +0 hat (worn)
 i - a +0 pair of boots (worn)
Scrolls
 g - 3 scrolls of teleportation {unknown}
 n - a scroll of identify {unknown}
 o - a scroll of magic mapping {unknown}
 p - a scroll of enchant weapon {unknown}
Potions
 f - a potion of heal wounds {unknown}
 h - a potion of attraction
 j - a potion of might {unknown}
 k - a potion of lignification {unknown}
 l - 2 potions of ambrosia {unknown}
 m - a potion of curing {unknown}


   Skills:
 + Level 2.8 Fighting
 + Level 4.5 Long Blades
 + Level 2.1 Throwing
 + Level 1.3 Armour
 + Level 4.0 Dodging
 + Level 0.3 Stealth


You had 3 spell levels left.
You didn't know any spells.
Your spell library contained the following spells:

 Spells                   Type           Power      Damage    Failure   Level
 Sublimation of Blood     Necr           0%         N/A       63%         2
 Wereblood                Tmut           0%         N/A       63%         2
 Summon Hydra             Summ           0%         N/A       100%        7


Dungeon Overview and Level Annotations

Branches:
Dungeon (3/15)

Altars:

Shops:
D:2 *

Annotations:
D:2 Sigmund


Innate Abilities, Weirdness & Mutations

You have a pair of horns on your head.
You reflexively headbutt those who attack you in melee.


Message History

You climb downwards.
The gnoll shouts! x3; The adder hisses angrily.
Found a ring mail.
There is a stone staircase leading up here.
A rat comes into view.
The rat moves out of view.
You miss the adder. The adder closely misses you.
The adder bites you but does no damage.
You slash the adder!
The adder is almost dead.
The adder bites you but does no damage.
You barely miss the adder.
The adder is almost dead.
The adder barely misses you. The gnoll barely misses you.
You furiously retaliate!
You headbutt the gnoll. The adder bites you.
You slash the adder!
You kill the adder!
The gnoll hits you but does no damage.
You have reached level 4!
You feel agile.
Unknown command.
You barely miss the rat. The gnoll hits you with a +0 whip!
The rat barely misses you.
Unknown command.
You slash the rat!
You kill the rat!
The gnoll closely misses you. The gnoll hits you with a +0 whip.
The gnoll attacks as you move away! The gnoll hits you with a +0 whip.
* * * LOW HITPOINT WARNING * * *
Found a stone staircase leading down.
The gnoll closely misses you.
A rat comes into view.
You see here a rat corpse.
A gnoll comes into view. It is wielding a +0 flail of draining.
The gnoll attacks as you move away! The gnoll barely misses you.
The gnoll attacks as you move away! The gnoll hits you with a +0 whip!
* * * LOW HITPOINT WARNING * * *
It was a potion of attraction.
You feel attractive to monsters. The gnoll hits you with a +0 whip!
You die...

#. #. #.
#.# +.>
#..######
#...g@..#
#..g###.#
#...#.#.#
#g..†.g<#
#...#####.#
#.#. ..#
#..g ..[#
... ###g#
.... .g#


You could see 3 gnolls.

Vanquished Creatures
  3 adders
  A worm (D:2)
  A dart slug (D:1)
  A ball python (D:2)
  An endoplasm (D:1)
  5 goblins
  6 hobgoblins
  4 kobolds
  A quokka (D:2)
  5 bats
  4 frilled lizards
  6 rats
38 creatures vanquished.

Notes
Turn   | Place    | Note
-------+----------+-------------------------------------------
     0 | D:1      | Eitelfritz the Minotaur Gladiator began the quest for the
                  | Orb.
     0 | D:1      | Reached XP level 1. HP: 18/18 MP: 0/0
   181 | D:1      | Reached XP level 2. HP: 25/25 MP: 1/1
   828 | D:2      | Reached XP level 3. HP: 27/30 MP: 2/2
   902 | D:2      | Reached skill level 1 in Armour
  1146 | D:2      | Found Fatript's Assorted Antiques.
  1153 | D:2      | Bought a scroll labelled HEITOX HUDDO for 25 gold pieces
  1153 | D:2      | Bought a scroll labelled DIRROM QIPSA for 25 gold pieces
  1217 | D:2      | Found a faded altar of an unknown god.
  1404 | D:2      | Noticed Sigmund
  1434 | D:3      | Reached XP level 4. HP: 27/37 MP: 3/3
  1441 | D:3      | Slain by a gnoll

Illustrated notes

Levels and vault maps discovered:
D:1:      nicolae_arrival_memento_mori, layout_rooms, minivault_27,
          reono_crystal_passage, nicolae_figureground_pulse
D:2:      layout_basic, serial_shops, shop,
          dreamdust_ecumenical_altar_sealed_demon, uniq_sigmund
D:3:      layout_basic, mainiacjoe_overflow_catwalk

Skill      XL: |  1  2  3 |
---------------+----------+-----
Long Blades    | 4 |  4.5
Armour         | 1 |  1.3
Dodging        | 4 |  4.0
Fighting       | |  2.8
Throwing       | |  2.1
Stealth        | |  0.3

Action                   |  1- 3 |  4- 6 || total
-------------------------+-------+-------++-------
Melee: Long sword        |    83 |     2 ||    85
       Headbutt          |    15 |       ||    15
       Punch             |     1 |       ||     1
  Use: Potion            |       |     1 ||     1
 Stab: Sleeping          |     1 |       ||     1
Armor: Leather armour    |    31 |       ||    31
Dodge: Dodged            |    53 |     4 ||    57
